 Dungeon Crawl Stone Soup version 0.21-a0-401-g0b6bec4 (webtiles) character file.

75 zero the Chopper (level 4, -5/28 HPs)
             Began as a Gargoyle Berserker on Oct 21, 2017.
             Was a Believer of Trog.
             Killed from afar by a starcursed mass (6 damage)
             ... with an accursed screaming
             ... on level 1 of the Abyss.
             The game lasted 00:01:55 (1501 turns).

zero the Chopper (Gargoyle Berserker)               Turns: 1501, Time: 00:01:56

Health: -5/28      AC: 17    Str: 22    XL:     4   Next: 31%
Magic:  4/4        EV:  6    Int:  7    God:    Trog [**....]
Gold:   70         SH:  2    Dex:  9    Spells: 3/3 levels left

rFire    . . .     SeeInvis .   a - +0 hand axe
rCold    . . .     Gourm    .   (no shield)
rNeg     + . .     Faith    .   o - +0 plate armour
rPois    ∞         Spirit   .   (no helmet)
rElec    +         Reflect  +   (no cloak)
rCorr    .         Harm     .   m - +2 pair of gloves
MR       .....                  (no boots)
Stlth    ..........             d - +2 amulet of reflection
HPRegen  0.09/turn              (no ring)
MPRegen  0.09/turn              (no ring)

@: no status effects
A: negative energy resistance 1, electricity resistance, unbreathing,
petrification resistance, rot immunity, AC +3
a: Berserk, Trog's Hand, Burn Spellbooks, Renounce Religion


You were on level 1 of the Abyss.
You worshipped Trog.
Trog was pleased with you.
You were not hungry.

You visited 1 branch of the dungeon, and saw 3 of its levels.
You visited the Abyss 1 time.

You collected 70 gold pieces.

Inventory:

Hand Weapons
 a - a +0 hand axe (weapon)
Armour
 m - a +2 pair of gloves (worn)
 o - a +0 plate armour (worn)
Jewellery
 d - a +2 amulet of reflection (around neck)
Scrolls
 f - 2 scrolls of remove curse {unknown}
 i - a scroll of fear {unknown}
 l - a scroll of identify {unknown}
 n - 2 scrolls of amnesia {unknown}
 q - a scroll of teleportation {unknown}
Potions
 e - 2 potions of curing {unknown}
 g - a potion of mutation {unknown}
 h - 2 potions of agility {unknown}
 p - a potion of resistance {unknown}
 r - a potion of might {unknown}
Comestibles
 b - 3 fruits
 c - 3 bread rations
 k - 3 meat rations


   Skills:
 - Level 3.2 Fighting
 + Level 4.5 Axes
 - Level 2.1 Armour
 - Level 1.5 Dodging


You had 3 spell levels left.
You didn't know any spells.

Dungeon Overview and Level Annotations

Branches:
Dungeon (3/15)

Altars:
Ashenzari
Hepliaklqana
Makhleb
Qazlal
Wu Jian
Xom


Innate Abilities, Weirdness & Mutations

You are resistant to torment.
Your stone body is resilient. (AC +3)
You are immune to poison.
You resist negative energy. (rN+)
You are resistant to electric shocks. (rElec)
You can survive without breathing.
You are immune to petrification.
You are immune to rotting.


Message History

A starcursed mass splits.
You closely miss the sixfirhy.
The sixfirhy hits you but does no damage.
The sixfirhy barely misses you.
A starcursed mass splits.
You barely miss the sixfirhy. You hit the starcursed mass.
The starcursed mass shudders and withdraws towards its neighbour. x3
The sixfirhy hits you but does no damage. x3
The sixfirhy hits you.
* * * LOW HITPOINT WARNING * * *
The sixfirhy shocks you. You resist.
* * * LOW HITPOINT WARNING * * *
The iron imp laughs crazily.
The sixfirhy hits you but does no damage.
You miss the sixfirhy.
You hit the starcursed mass but do no damage.
The sixfirhy hits you but does no damage.
You miss the sixfirhy.
You hit the starcursed mass but do no damage.
A chorus of shrieks assaults your mind.
You die...

. ..#.....# #
#. ... ##
.###. .
...### ###
.#.#
###...... ..
#..# #.# ###
.# #..# #.#
####..# #
#...X.#####.#
#@...5..#
#3#######
#XX# #..X.
#.... ######


You could see 4 starcursed masses, a sixfirhy and an iron imp.

Vanquished Creatures
  3 adders (D:2)
  2 worms (D:2)
  2 dart slugs (D:1)
  A leopard gecko (D:1)
  6 goblins
  9 hobgoblins
  5 kobolds
  4 bats
  2 frilled lizards (D:2)
  4 rats
38 creatures vanquished.

Notes
Turn   | Place    | Note
-------+----------+-------------------------------------------
     0 | D:1      | zero the Gargoyle Berserker began the quest for the Orb.
     0 | D:1      | Reached XP level 1. HP: 14/14 MP: 1/1
    68 | D:1      | Reached skill level 3 in Axes
    74 | D:1      | Reached XP level 2. HP: 17/19 MP: 2/2
   151 | D:1      | Found a shattered altar of Ashenzari.
   380 | D:1      | Reached XP level 3. HP: 23/23 MP: 3/3
   569 | D:2      | Found an ornate altar of the Wu Jian Council.
   571 | D:2      | Found a hazy altar of Hepliaklqana.
   571 | D:2      | Found an ornate altar of the Wu Jian Council.
   575 | D:2      | Found a shimmering altar of Xom.
   575 | D:2      | Found a stormy altar of Qazlal.
   575 | D:2      | Found a burning altar of Makhleb.
   622 | D:2      | Reached ** piety under Trog
   622 | D:2      | Reached skill level 4 in Axes
   913 | D:2      | Reached XP level 4. HP: 28/28 MP: 4/4
  1454 | D:3      | Cast into level 1 of the Abyss (orc priest)
  1464 | Abyss:1  | Noticed a vampiric scimitar
  1494 | Abyss:1  | Noticed a starcursed mass
  1495 | Abyss:1  | Noticed a sixfirhy
  1499 | Abyss:1  | HP: 1/28 [sixfirhy (3)]
  1501 | Abyss:1  | Killed from afar by a starcursed mass

Vault maps used:
D:1:      saegor_arrival_simple_f, nicolae_ashenzari_panopticon
D:2:      doesnt_xom_only_xom, first_bread
D:3:      grunt_temple_overflow_open, uniq_terence
Abyss:1:  evilmike_abyss_exit_5, evilmike_abyss_exit_12

Skill      XL: |  1  2  3 |
---------------+----------+-----
Axes           | 3 4 |  4.5
Fighting       | |  3.2
Armour         | |  2.1
Dodging        | |  1.5

Action                   |  1- 3 |  4- 6 || total
-------------------------+-------+-------++-------
Melee: Hand axe          |   126 |    38 ||   164
  Eat: Chunk             |       |     2 ||     2
Armor: Animal skin       |     7 |       ||     7
       Chain mail        |    56 |     1 ||    57
       Plate armour      |       |    24 ||    24
Dodge: Dodged            |    53 |     7 ||    60
Block: Other             |    10 |     4 ||    14

Table legend:
 A = Spawn XP
 B = Non-spawn XP
 C = Spawn XP percentage of total XP
 D = Spawn monster count
 E = Non-spawn monster count
 F = Spawn count percentage of total count
 G = Total turns spent on level
                    A         B        C        D         E        F      G
               +---------+---------+-------+---------+---------+-------+---------
         Total |       0 |     108 |   0.0 |       0 |      38 |   0.0 |  1501
               +---------+---------+-------+---------+---------+-------+---------
           D:1 |       0 |      34 |   0.0 |       0 |      17 |   0.0 |   513
           D:2 |       0 |      74 |   0.0 |       0 |      21 |   0.0 |   911
               +---------+---------+-------+---------+---------+-------+---------
